 Dungeon Crawl Stone Soup version 0.31-a0-152-g6aa68a64a1 (webtiles) character file.

Game seed: 1575729825168013707

455 qw the Shooter (level 7, -5/64 HPs)
             Began as a Naga Hunter on June 10, 2023.
             Was an Initiate of Okawaru.
             Slain by a gnoll
             ... wielding a +0 halberd
              (13 damage)
             ... on level 4 of the Dungeon.
             The game lasted 00:01:35 (3645 turns).

qw the Shooter (Naga Hunter)                        Turns: 3645, Time: 00:01:36

Health: -5/64      AC:  3    Str: 14    XL:     7   Next: 5%
Magic:  7/7        EV:  9    Int:  9    God:    Okawaru [......]
Gold:   178        SH:  0    Dex: 16    Spells: 6/6 levels left

rFire   . . .        Y - +0 shortbow
rCold   . . .        (shield currently unavailable)
rNeg    . . .        c - +0 leather armour
rPois   +            (no helmet)
rElec   .            (no cloak)
rCorr   .            (no gloves)
SInv    +            (no barding)
Will    .....        i - amulet of faith
Stlth   ++           (no ring)
HPRegen 0.30/turn    (no ring)
MPRegen 0.10/turn

%: faith
@: about to teleport, short of breath, very slow
A: AC +2, large, see invisible, deformed body, poison resistance, slowness 2,
spit poison 1, naga tail 1
a: Spit Poison, Renounce Religion


You were on level 4 of the Dungeon.
You worshipped Okawaru.
Okawaru was noncommittal.
You visited 2 branches of the dungeon, and saw 5 of its levels.

You collected 178 gold pieces.


Innate Abilities, Weirdness & Mutations

Your serpentine skin is tough. (AC +2)
You have supernaturally acute eyesight. (SInv)
Armour fits poorly on your strangely shaped body.
Your system is resistant to poisons. (rPois)
You cover ground very slowly.
You can spit poison.
You have a snake-like lower body.


   Skills:
 - Level 4.1 Fighting
 + Level 6.6 Ranged Weapons
 - Level 1.5 Dodging
 - Level 1.5 Stealth


You had 6 spell levels left.
You didn't know any spells.
Your spell library was empty.

Inventory:

Hand Weapons
 Y - a +0 shortbow (weapon)
Armour
 c - a +0 leather armour (worn)
Jewellery
 i - an amulet of faith (around neck)
Scrolls
 e - a scroll of identify
Potions
 a - a potion of cancellation {unknown}
 f - a potion of might {unknown}
 h - a potion of enlightenment {unknown}
 j - a potion of curing {unknown}

Dungeon Overview and Level Annotations

Branches:
Dungeon (4/15)             Temple (1/1) D:4

Altars:
Cheibriados
Fedhas
Hepliaklqana
Kikubaaqudgha
Nemelex Xobeh
Okawaru
Uskayaw
Vehumet
Xom
Yredelemnul


Message History

The gnoll barely misses you.
You shoot an arrow. The arrow hits the gnoll!
The gnoll is heavily wounded.
The gnoll hits you from afar with a +0 spear.
You shoot an arrow. The arrow closely misses the gnoll.
The gnoll closely misses you.
You shoot an arrow. The arrow closely misses the gnoll.
You hear a shout!
The gnoll hits you from afar with a +0 spear!
You shoot an arrow.
The arrow hits the gnoll but does no damage.
The gnoll is heavily wounded.
You have got your breath back.
The gnoll hits you from afar with a +0 spear.
3640 ||| INVOKING Spit Poison.
Aiming: Spit Poison (1% risk of failure)
Press: ? - help, Shift-Dir - straight line, f/p - gnoll The splash of poison hits the gnoll!
The gnoll is poisoned.
You kill the gnoll!
Okawaru accepts your kill.
You shoot an arrow. The arrow hits the gnoll.
The gnoll is moderately wounded.
The gnoll hits you from afar with a +0 halberd.
You shoot an arrow. The arrow hits the gnoll.
The gnoll is heavily wounded.
The gnoll barely misses you.
You shoot an arrow. The arrow hits the gnoll.
The gnoll is almost dead.
The gnoll hits you from afar with a +0 halberd!
3644 ||| READING scroll of teleportation.
As you read the scroll of teleportation, it crumbles to dust.
You feel strangely unstable.
You have got your breath back.
The gnoll hits you from afar with a +0 halberd!
3645 ||| INVOKING Spit Poison.
Aiming: Spit Poison (1% risk of failure)
Press: ? - help, Shift-Dir - straight line, f/p - gnoll The splash of poison misses the gnoll.
The gnoll hits you from afar with a +0 halberd!
You die...

#### ***
*#g)##
*,***#.##@##
*,,*..,*##.##
**,...,**
#..## **
**,...,,*
##..##
,*****,,g.,,**
#...##
,,,,,,,,.,,**
#....###
*,,,,,,,,***
#......##
****,,,,,*
#.......##
**,,,**
##........##


You could see a gnoll.

Vanquished Creatures
  A hound (D:4)
  2 jellies (D:4)
  An orc priest (D:3)
  2 orc wizards
  A sleepcap (D:2)
  7 gnolls
  7 adders
  5 worms
  4 dart slugs
  13 orcs
  4 ball pythons
  3 endoplasms
  6 giant cockroaches
  3 goblins
  5 hobgoblins
  4 jackals (D:2)
  8 kobolds
  5 quokkas
  5 bats
  6 frilled lizards
  7 rats
99 creatures vanquished.

Notes
Turn   | Place    | Note
-------+----------+-------------------------------------------
     0 | D:1      | qw the Naga Hunter began the quest for the Orb.
     0 | D:1      | Reached XP level 1. HP: 19/19 MP: 1/1
     0 | D:1      | 0 ||| qw: Version: 0.2-a-29-g767f381
     0 | D:1      | 0 ||| qw: Game counter: 3869
     0 | D:1      | 0 ||| qw: Always use a shield: true
     0 | D:1      | 0 ||| qw: God list: Okawaru
     0 | D:1      | 0 ||| qw: Allow faded altars: false
     0 | D:1      | 0 ||| qw: Do Orc after D:15 true
     0 | D:1      | 0 ||| qw: Do second Lair branch before Depths: true
     0 | D:1      | 0 ||| qw: Lair rune preference: random
     0 | D:1      | 0 ||| qw: Plans: Normal
     0 | D:1      | 0 ||| PLANNING D:1-11
    32 | D:1      | 32 ||| INVOKING Spit Poison.
    53 | D:1      | 53 ||| INVOKING Spit Poison.
    57 | D:1      | 57 ||| FLEEEEING.
    58 | D:1      | 58 ||| FLEEEEING.
    63 | D:1      | 63 ||| FLEEEEING.
    66 | D:1      | 66 ||| FLEEEEING.
    71 | D:1      | 71 ||| FLEEEEING.
    72 | D:1      | 72 ||| FLEEEEING.
    73 | D:1      | 73 ||| FLEEEEING.
    74 | D:1      | 74 ||| FLEEEEING.
    75 | D:1      | 75 ||| FLEEEEING.
    76 | D:1      | 76 ||| FLEEEEING.
    77 | D:1      | 77 ||| FLEEEEING.
    93 | D:1      | 93 ||| INVOKING Spit Poison.
    95 | D:1      | Reached skill level 4 in Ranged Weapons
    95 | D:1      | Reached XP level 2. HP: 26/26 MP: 2/2
   113 | D:1      | 113 ||| INVOKING Spit Poison.
   139 | D:1      | 139 ||| INVOKING Spit Poison.
   154 | D:1      | 154 ||| INVOKING Spit Poison.
   190 | D:1      | 190 ||| INVOKING Spit Poison.
   196 | D:1      | 196 ||| INVOKING Spit Poison.
   202 | D:1      | 202 ||| INVOKING Spit Poison.
   205 | D:1      | 205 ||| INVOKING Spit Poison.
   269 | D:1      | 269 ||| INVOKING Spit Poison.
   272 | D:1      | 272 ||| INVOKING Spit Poison.
   275 | D:1      | Reached XP level 3. HP: 12/32 MP: 3/3
   406 | D:1      | 406 ||| INVOKING Spit Poison.
   445 | D:1      | 445 ||| INVOKING Spit Poison.
   677 | D:1      | 677 ||| READING scroll labelled VILIEXK HESHRE.
   682 | D:1      | 682 ||| READING 2 scrolls labelled EMNINI ANEARGHE.
   683 | D:1      | 683 ||| DROPPING scroll of butterflies.
   711 | D:2      | 711 ||| INVOKING Spit Poison.
   769 | D:2      | 769 ||| INVOKING Spit Poison.
   805 | D:2      | 805 ||| INVOKING Spit Poison.
   825 | D:2      | 825 ||| INVOKING Spit Poison.
   829 | D:2      | 829 ||| INVOKING Spit Poison.
   834 | D:2      | 834 ||| INVOKING Spit Poison.
   946 | D:2      | 946 ||| INVOKING Spit Poison.
   951 | D:2      | 951 ||| INVOKING Spit Poison.
  1072 | D:2      | 1072 ||| INVOKING Spit Poison.
  1075 | D:2      | 1075 ||| INVOKING Spit Poison.
  1076 | D:2      | Reached skill level 5 in Ranged Weapons
  1076 | D:2      | Reached XP level 4. HP: 39/39 MP: 4/4
  1078 | D:2      | 1078 ||| INVOKING Spit Poison.
  1081 | D:2      | 1081 ||| INVOKING Spit Poison.
  1111 | D:2      | 1111 ||| INVOKING Spit Poison.
  1115 | D:2      | 1115 ||| INVOKING Spit Poison.
  1187 | D:2      | 1187 ||| INVOKING Spit Poison.
  1188 | D:2      | 1188 ||| Stepping ~*~*~tactically~*~*~ (outnumbered).
  1191 | D:2      | 1191 ||| INVOKING Spit Poison.
  1196 | D:2      | 1196 ||| INVOKING Spit Poison.
  1197 | D:2      | 1197 ||| INVOKING Spit Poison.
  1203 | D:2      | 1203 ||| INVOKING Spit Poison.
  1205 | D:2      | HP: 5/39 [worm (7)]
  1206 | D:2      | 1206 ||| READING scroll of teleportation.
  1207 | D:2      | 1207 ||| INVOKING Spit Poison.
  1209 | D:2      | HP: 1/39 [worm (5)]
  1210 | D:2      | 1210 ||| INVOKING Spit Poison.
  1372 | D:2      | 1372 ||| INVOKING Spit Poison.
  1411 | D:2      | 1411 ||| INVOKING Spit Poison.
  1416 | D:2      | 1416 ||| INVOKING Spit Poison.
  1452 | D:2      | 1452 ||| INVOKING Spit Poison.
  1453 | D:2      | 1453 ||| INVOKING Spit Poison.
  1493 | D:2      | 1493 ||| INVOKING Spit Poison.
  1496 | D:2      | 1496 ||| INVOKING Spit Poison.
  1530 | D:2      | 1530 ||| INVOKING Spit Poison.
  1531 | D:2      | Found an ancient bone altar of Kikubaaqudgha.
  1536 | D:2      | You fall into a shaft and drop 2 floors!
  1540 | D:4      | 1540 ||| INVOKING Spit Poison.
  1566 | D:4      | 1566 ||| INVOKING Spit Poison.
  1571 | D:4      | 1571 ||| INVOKING Spit Poison.
  1573 | D:4      | Reached skill level 3 in Fighting
  1589 | D:4      | 1589 ||| INVOKING Spit Poison.
  1604 | D:4      | 1604 ||| READING scroll labelled XUWEIP USMASU.
  1605 | D:4      | 1605 ||| PLANNING TEMPLE
  1605 | D:4      | 1605 ||| DRINKING 2 bubbling emerald potions.
  1609 | D:4      | 1609 ||| INVOKING Spit Poison.
  1626 | D:4      | Reached XP level 5. HP: 49/49 MP: 5/5
  1637 | D:4      | 1637 ||| INVOKING Spit Poison.
  1643 | D:4      | 1643 ||| INVOKING Spit Poison.
  1648 | D:4      | 1648 ||| INVOKING Spit Poison.
  1653 | D:4      | 1653 ||| INVOKING Spit Poison.
  1655 | D:4      | HP: 12/49 [gnoll/+0 spear (5)]
  1656 | D:4      | 1656 ||| DRINKING potion of heal wounds.
  1657 | D:4      | 1657 ||| INVOKING Spit Poison.
  1737 | D:4      | Found a staircase to the Ecumenical Temple.
  1738 | D:4      | 1738 ||| INVOKING Spit Poison.
  1752 | Temple   | Entered the Ecumenical Temple
  1754 | Temple   | 1754 ||| PLANNING OKAWARU WORSHIP
  1771 | Temple   | Became a worshipper of Warmaster Okawaru
  1771 | Temple   | 1771 ||| PLANNING D:1-11
  1798 | D:4      | Reached skill level 6 in Ranged Weapons
  1798 | D:4      | Reached XP level 6. HP: 56/56 MP: 6/6
  1803 | D:4      | 1803 ||| INVOKING Spit Poison.
  1810 | D:4      | 1810 ||| INVOKING Spit Poison.
  1815 | D:4      | 1815 ||| INVOKING Spit Poison.
  1822 | D:4      | 1822 ||| INVOKING Spit Poison.
  1938 | D:3      | 1938 ||| INVOKING Spit Poison.
  1948 | D:3      | 1948 ||| Stepping ~*~*~tactically~*~*~ (outnumbered).
  1949 | D:3      | 1949 ||| INVOKING Spit Poison.
  1950 | D:3      | 1950 ||| Stepping ~*~*~tactically~*~*~ (outnumbered).
  1953 | D:3      | 1953 ||| INVOKING Spit Poison.
  1976 | D:3      | 1976 ||| INVOKING Spit Poison.
  1983 | D:3      | 1983 ||| INVOKING Spit Poison.
  1986 | D:3      | 1986 ||| INVOKING Spit Poison.
  2066 | D:3      | 2066 ||| INVOKING Spit Poison.
  2069 | D:3      | 2069 ||| INVOKING Spit Poison.
  2122 | D:3      | 2122 ||| INVOKING Spit Poison.
  2125 | D:3      | 2125 ||| INVOKING Spit Poison.
  2190 | D:3      | 2190 ||| INVOKING Spit Poison.
  2266 | D:3      | 2266 ||| INVOKING Spit Poison.
  2284 | D:3      | 2284 ||| INVOKING Spit Poison.
  2291 | D:3      | 2291 ||| INVOKING Spit Poison.
  2429 | D:3      | 2429 ||| INVOKING Spit Poison.
  2436 | D:3      | 2436 ||| DROPPING +6 ring of intelligence.
  2437 | D:3      | 2437 ||| READING scroll labelled ROFFEH QAM GENAV.
  2549 | D:2      | 2549 ||| INVOKING Spit Poison.
  2553 | D:2      | 2553 ||| INVOKING Spit Poison.
  2566 | D:2      | 2566 ||| INVOKING Spit Poison.
  2581 | D:2      | 2581 ||| INVOKING Spit Poison.
  2990 | D:2      | 2990 ||| INVOKING Spit Poison.
  2994 | D:2      | 2994 ||| INVOKING Spit Poison.
  3020 | D:2      | 3020 ||| READING scroll labelled PIHEXOSUXTU.
  3073 | D:3      | 3073 ||| INVOKING Spit Poison.
  3077 | D:3      | 3077 ||| INVOKING Spit Poison.
  3078 | D:3      | 3078 ||| STAIRDANCE
  3082 | D:2      | 3082 ||| INVOKING Spit Poison.
  3171 | D:3      | 3171 ||| INVOKING Spit Poison.
  3309 | D:3      | 3309 ||| INVOKING Spit Poison.
  3331 | D:3      | 3331 ||| INVOKING Spit Poison.
  3332 | D:3      | 3332 ||| INVOKING Spit Poison.
  3361 | D:3      | 3361 ||| INVOKING Spit Poison.
  3364 | D:3      | Reached XP level 7. HP: 64/64 MP: 7/7
  3571 | D:3      | 3571 ||| UPGRADING to amulet of faith.
  3576 | D:3      | 3576 ||| DRINKING 2 lumpy yellow potions.
  3577 | D:3      | 3577 ||| DRINKING 2 lumpy white potions.
  3578 | D:3      | 3578 ||| DRINKING 2 bubbling black potions.
  3579 | D:3      | 3579 ||| DROPPING potion of brilliance.
  3580 | D:3      | 3580 ||| DROPPING potion of invisibility.
  3581 | D:3      | 3581 ||| DROPPING potion of attraction.
  3629 | D:4      | 3629 ||| Stepping ~*~*~tactically~*~*~ (outnumbered).
  3632 | D:4      | 3632 ||| Stepping ~*~*~tactically~*~*~ (outnumbered).
  3633 | D:4      | 3633 ||| INVOKING Spit Poison.
  3640 | D:4      | 3640 ||| INVOKING Spit Poison.
  3643 | D:4      | HP: 16/64 [gnoll/+0 halberd (12)]
  3644 | D:4      | 3644 ||| READING scroll of teleportation.
  3645 | D:4      | 3645 ||| INVOKING Spit Poison.
  3645 | D:4      | Slain by a gnoll

Levels and vault maps discovered:
D:1:      scummos_arrival_simple_crosswalls, layout_rooms, serial_aquarium,
          aquarium_bridge_long_joined [aquarium_subvault_bridge,
          aquarium_subvault_bridge, aquarium_subvault_window,
          aquarium_subvault_window, aquarium_subvault_wall,
          aquarium_subvault_bridge], aquarium_window_fake,
          aquarium_window_double, aquarium_window_1, aquarium_view_4,
          aquarium_balcony_3b, aquarium_pool_1, minmay_pentomino_r2
D:2:      layout_basic, basic_altar, minivault_23, minmay_joined_circles
D:3:      layout_loops_corners, minmay_misc_feat_room, guppyfry_early_lair_pool
D:4:      layout_layer_cave, pdpol_temple_overflow_zin_treasury_gozag_greed,
          minmay_temple_entry_stoned_glass
Temple:   hellmonk_temple_rainy

Skill      XL: |  1  2  3  4  5  6 |
---------------+-------------------+-----
Ranged Weapons | 4 5 6 |  6.6
Fighting       | 3 4 |  4.1
Dodging        | |  1.5
Stealth        | |  1.5

Action                     |  1- 3 |  4- 6 |  7- 9 || total
---------------------------+-------+-------+-------++-------
   Fire: Shortbow          |    60 |   177 |    10 ||   247
Ability: Spit Poison       |    24 |    60 |     3 ||    87
    Use: Scroll            |     2 |     4 |     1 ||     7
         Potion            |       |     2 |     3 ||     5
 Armour: Leather armour    |     4 |    20 |       ||    24
  Dodge: Dodged            |    14 |    47 |     4 ||    65

Table legend:
 A = Non-vault XP
 B = Vault XP
 C = Vault XP percentage of total XP
 D = Non-vault monster count
 E = Vault monster count
 F = Vault count percentage of total count
                 A         B        C        D         E       F
            +---------+---------+-------+---------+---------+-------
      Total |     606 |      45 |   6.9 |      86 |      13 |  13.1
            +---------+---------+-------+---------+---------+-------
        D:1 |      42 |       3 |   6.7 |      15 |       2 |  11.8
        D:2 |     132 |      42 |  24.1 |      27 |      11 |  28.9
        D:3 |     139 |       0 |   0.0 |      22 |       0 |   0.0
        D:4 |     293 |       0 |   0.0 |      22 |       0 |   0.0
            +---------+---------+-------+---------+---------+-------
